 Dungeon Crawl Stone Soup version 0.27-a0-346-ga689d4a613 (webtiles) character file.

Game seed: 3364031303409182963

259 pkoi the Cleaver (level 5, -1/42 HPs)
             Began as a Minotaur Gladiator on Feb 15, 2021.
             Was an Initiate of Ru.
             Slain by a worker ant (3 damage)
             ... on level 4 of the Dungeon.
             The game lasted 00:02:21 (2576 turns).

pkoi the Cleaver (Minotaur Gladiator)               Turns: 2576, Time: 00:02:21

Health: -1/42      AC:  5    Str: 19 (20) XL:     5   Next: 95%
Magic:  4/4        EV: 12    Int:  2 (5)  God:    Ru [......]
Gold:   110        SH:  0    Dex:  8 (11) Spells: 4/4 levels left

rFire    . . .     SeeInvis .   a - +0 war axe
rCold    . . .     Faith    .   (no shield)
rNeg     . . .     Spirit   .   b - +0 leather armour
rPois    .         Reflect  .   c - +0 hat
rElec    .         Harm     .   (no cloak)
rCorr    .         Rampage  .   k - +1 pair of gloves
Will     .....                  (no boots)
Stlth    +.........             (no amulet)
HPRegen  0.14/turn              (no ring)
MPRegen  0.09/turn              (no ring)

@: lethally poisoned (-1 -> -8)
A: retaliatory headbutt, horns 2
a: Renounce Religion


You were on level 4 of the Dungeon.
You worshipped Ru.
Ru was noncommittal.
You visited 1 branch of the dungeon, and saw 4 of its levels.

You collected 110 gold pieces.

Inventory:

Hand Weapons
 a - a +0 war axe (weapon)
Missiles
 d - 3 throwing nets (quivered)
 s - 8 poisoned darts
Armour
 b - a +0 leather armour (worn)
 c - a +0 hat (worn)
 k - a +1 pair of gloves (worn)
Jewellery
 q - a ring of flight
Wands
 m - a wand of mindburst (7)
Scrolls
 e - 2 scrolls of teleportation {unknown}
 f - 3 scrolls of identify {unknown}
 h - 4 scrolls of blinking {unknown}
 j - 2 scrolls of enchant weapon {unknown}
 p - a scroll of noise {unknown}
 t - a scroll of immolation {unknown}
Potions
 g - a potion of magic
 i - a potion of degeneration
 l - a potion of resistance {unknown}
 n - a potion of attraction {unknown}
 o - a potion of curing {unknown}
 r - a potion of haste {unknown}
 u - a potion of invisibility {unknown}
 v - 3 potions of mutation {unknown}


   Skills:
 - Level 2.4 Fighting
 + Level 8.1 Axes
 - Level 2.0 Throwing
 - Level 3.2 Dodging


You had 4 spell levels left.
You didn't know any spells.
Your spell library was empty.

Dungeon Overview and Level Annotations

Branches:
Dungeon (4/15)
 Temple: D:4-7

Altars:
Okawaru
Ru
Yredelemnul

Annotations:
D:4 2 runed translucent doors, Aneyh's ghost, weakling TeSu


Innate Abilities, Weirdness & Mutations

You reflexively headbutt those who attack you in melee.
You have a pair of horns on your head.


Message History

You feel sick.
You feel sick.
You see here a leopard gecko corpse.
You feel sick.
You feel sick.
You hit the worker ant but do no damage.
The worker ant is heavily wounded.
The worker ant bites you but does no damage.
The worker ant barely misses you.
You barely miss the worker ant. Your headbutt misses the worker ant.
The worker ant is heavily wounded.
You feel sick. The worker ant barely misses you.
You closely miss the worker ant.
The worker ant is moderately wounded.
You feel sick. The worker ant barely misses you.
Your leather armour prevents you from hitting the worker ant.
The worker ant is moderately wounded.
The worker ant bites you.
* * * LOW HITPOINT WARNING * * *
The worker ant misses you. You furiously retaliate!
You headbutt the worker ant. You barely miss the worker ant.
The worker ant is heavily wounded.
You feel sick. The worker ant bites you.
* * * LOW HITPOINT WARNING * * *
You are lethally poisoned!
The worker ant poisons you!
You barely miss the worker ant.
The worker ant is heavily wounded.
* * * LOW HITPOINT WARNING * * *
You feel sick.
The worker ant bites you but does no damage.
It was a potion of magic.
Magic courses through your body. The worker ant barely misses you.
It was a potion of degeneration.
There was something very wrong with that liquid.
You feel weakened.
You feel dopey.
You feel clumsy.
* * * LOW HITPOINT WARNING * * *
You feel sick. The worker ant bites you.
You die...

#########
#.<.....#
#.#####.#
+)###.###
+.......#
#.....#.#
#.#####.# .. #@#
.# #B# ## #W# $.
#S# #.##.#
#.#..# . .
.#####.#.## ....
.....#.#.##.....
++##............


You could see a phantom, a worker ant and a ball python.

Vanquished Creatures
  A bullfrog (D:3)
  Natasha (thrice) (D:3)
  4 adders
  A worm (D:2)
  2 dart slugs
  3 leopard geckos
  7 giant cockroaches
  2 gnoll zombies (D:2)
  10 goblins
  7 hobgoblins
  2 jackals (D:1)
  14 kobolds
  5 bats
  6 frilled lizards
  11 rats
78 creatures vanquished.

Notes
Turn   | Place    | Note
-------+----------+-------------------------------------------
     0 | D:1      | pkoi the Minotaur Gladiator began the quest for the Orb.
     0 | D:1      | Reached XP level 1. HP: 18/18 MP: 0/0
    64 | D:1      | Reached skill level 4 in Axes
   126 | D:1      | Reached XP level 2. HP: 22/25 MP: 1/1
   669 | D:2      | Reached skill level 5 in Axes
   808 | D:2      | Reached XP level 3. HP: 25/30 MP: 2/2
  1079 | D:2      | Found a basalt altar of Yredelemnul.
  1151 | D:2      | Found a sacrificial altar of Ru.
  1164 | D:2      | Reached XP level 4. HP: 37/37 MP: 3/3
  1170 | D:2      | Reached skill level 6 in Axes
  1176 | D:2      | Became a worshipper of Ru the Awakened
  1477 | D:3      | Noticed a bullfrog
  1488 | D:3      | Killed a bullfrog
  1489 | D:3      | Reached XP level 5. HP: 20/42 MP: 4/4
  1500 | D:3      | Found an iron altar of Okawaru.
  1726 | D:3      | Reached skill level 7 in Axes
  2007 | D:3      | Noticed Natasha
  2019 | D:3      | Killed Natasha
  2219 | D:3      | Noticed Natasha
  2222 | D:3      | Killed Natasha
  2395 | D:3      | Noticed Natasha
  2400 | D:3      | Killed Natasha
  2401 | D:3      | Reached skill level 8 in Axes
  2554 | D:4      | Found a runed translucent gate.
  2555 | D:4      | Found a runed translucent gate.
  2555 | D:4      | Noticed a phantom
  2556 | D:4      | Noticed Aneyh's ghost (weakling TeSu)
  2557 | D:4      | Identified the +4 whip of Extermination {drain, rPois MP-9
                  | Str-3 Int+5}
  2576 | D:4      | HP: 2/42 [poisoned by a worker ant]
  2576 | D:4      | Slain by a worker ant

Illustrated notes

Levels and vault maps discovered:
D:1:      minmay_arrival_wavy_path, layout_rooms, minmay_misc_feat_iff,
          serial_bayou_lagoon_b
D:2:      layout_rooms, lemuel_crystal_altar, lemuel_zombie_altar_yredelemnul,
          kennysheep_generic_room_2
D:3:      layout_basic, kennysheep_okawaru_gauntlet, uniq_natasha
D:4:      layout_loops_ring, lemuel_round_altar, general_overflow_altar,
          pdpol_wu_jian_five_deadly_venoms, gammafunk_ghost_nasty_kobolds,
          led_sif_book

Skill      XL: |  1  2  3  4  5 |
---------------+----------------+-----
Axes           | 4 5 6 8 |  8.1
Fighting       | |  2.4
Throwing       | |  2.0
Dodging        | |  3.2

Action                   |  1- 3 |  4- 6 || total
-------------------------+-------+-------++-------
Melee: War axe           |    76 |    66 ||   142
       Headbutt          |    12 |     6 ||    18
Evoke: Wand              |       |     2 ||     2
  Use: Potion            |       |     2 ||     2
Armor: Leather armour    |    26 |    23 ||    49
Dodge: Dodged            |    63 |    50 ||   113

Table legend: (Time is in decaauts)
 A = Elapsed time spent in this place.
 B = Non-inter-level travel time spent in this place.
 C = Inter-level travel time spent in this place.
 D = Time resting spent in this place.
 E = Time spent auto-exploring this place.
 F = Levels seen in this place.
 G = Mean time per level.
                   A        B        C        D        E       F      G
               +--------+--------+--------+--------+--------+-----+--------+
         Total |   2617 |   2545 |     72 |    135 |   1982 |   4 |  654.2 |
       Dungeon |   2617 |   2545 |     72 |    135 |   1982 |   4 |  654.2 |
               +--------+--------+--------+--------+--------+-----+--------+

Top non-repeatable levels by time:
     D:3: 1106 daAuts
     D:2: 794 daAuts
     D:1: 678 daAuts
     D:4: 37 daAuts
